 Dungeon Crawl Stone Soup version 0.27.1-33-g824d729ab1 (webtiles) character file.

Game seed: 17172841661684587799

50767 Descartes the Fighter (level 14, -4/112 HPs)
             Began as a Djinni Wanderer on Dec 28, 2021.
             Was an Initiate of Gozag.
             Killed from afar by a manticore (16 damage)
             ... with a volley of spikes
             ... summoned by Kirke
             ... on level 12 of the Dungeon.
             The game lasted 02:44:14 (22220 turns).

Descartes the Fighter (Djinni Wanderer)            Turns: 22220, Time: 02:44:15

Health: -4/112     AC:  0    Str: 15    XL:     14   Next: 99%
Gold:   1274       EV: 19    Int: 16    God:    Gozag SH:  0 Dex: 12

rFire    . . .     SeeInvis .   (weapon currently unavailable)
rCold    . . .     Faith    .   (shield currently unavailable)
rNeg     . . .     Spirit   +   (armour currently unavailable)
rPois    ∞         Reflect  .   (helmet currently unavailable)
rElec    .         Harm     .   (cloak currently unavailable)
rCorr    .         Rampage  .   (gloves currently unavailable)
Will     ++...     Clarity  +   (boots unavailable)
Stlth    ++........             K - amulet "Citz" {Spirit Will+}
HPRegen  0.28/turn              (ring currently unavailable)
MPRegen  0.00/turn              (ring currently unavailable)

@: pig-form, spiked, flying, slowed
A: fast, flying, no casting, sickness immunity, small, (fire resistance 2),
(cold vulnerability 1), float, innate caster, hp casting, extra vitality 1,
(iridescent scales 1), clarity, (electricity resistance)
a: Renounce Religion, Potion Petition, Call Merchant, Bribe Branch


You were on level 12 of the Dungeon.
You worshipped Gozag.
Gozag was most pleased with you.
You were a filthy swine.
You visited 7 branches of the dungeon, and saw 22 of its levels.
You also visited: Bailey.

You collected 6196 gold pieces.
You spent 1688 gold pieces at shops.
You paid 3234 gold pieces to Gozag.

Inventory:

Hand Weapons
 x - the +4 falchion of Jicao {venom, Will+}
   (You took it off an orc on level 8 of the Dungeon)

   It poisons the flesh of those it strikes.
   Will:      It increases your willpower.
 P - the +3 double sword of the Battered People (melded) {drain, rPois rC+ rN+ rCorr}
   (You bought it in a shop on level 7 of the Dungeon)

   A truly terrible weapon, it drains the life of any living foe it strikes.
   rC:        It protects you from cold.
   rPois:     It protects you from poison.
   rN:        It protects you from negative energy.
   rCorr:     It protects you from acid and corrosion.
Missiles
 a - 3 silver boomerangs
 l - 353 bolts
 m - 224 arrows
 n - 526 stones
 p - 2 throwing nets
 y - 24 boomerangs
 A - 54 poisoned darts
 I - a curare-tipped dart
 O - 6 javelins
 T - 50 sling bullets
Armour
 s - a +0 buckler (melded)
 w - the +3 ring mail of Xafriuw (melded) {rC- Regen+ rCorr Str+3}
   (You found it on level 4 of the Dungeon)

   Str:       It affects your strength (+3).
   rC:        It makes you vulnerable to cold.
   Regen:     It increases your rate of health regeneration.
   rCorr:     It protects you from acid and corrosion.
 J - a +0 cloak (melded)
Jewellery
 i - a ring of protection from fire (melded)
 o - a ring of ice (melded)
 G - a ring of positive energy
 K - the amulet "Citz" (around neck) {Spirit Will+}
   (You bought it in a shop on level 7 of the Dungeon)

   [amulet of guardian spirit]

   It causes incoming damage to be divided between your reserves of health and
   magic.
   Will:      It increases your willpower.
Wands
 k - a wand of digging (3)
 t - a wand of acid (9)
 u - a wand of paralysis (19)
 H - a wand of flame (101)
 N - a wand of mindburst (14)
Scrolls
 c - 2 scrolls of fear
 f - 9 scrolls of teleportation
 g - 5 scrolls of enchant weapon
 j - a scroll of enchant armour
 v - 4 scrolls of fog
 z - a scroll of vulnerability
 C - a scroll of silence
 D - a scroll of identify
 E - a scroll of torment
 M - a scroll of magic mapping
 R - 2 scrolls of immolation
 X - 2 scrolls of holy word
Potions
 d - 11 potions of curing
 e - 2 potions of brilliance
 h - 4 potions of haste
 q - 3 potions of attraction
 r - 3 potions of cancellation
 B - a potion of resistance
 F - 3 potions of mutation
 S - a potion of lignification
 U - 9 potions of ambrosia
 Y - 2 potions of might
 Z - a potion of berserk rage
Miscellaneous
 b - a piece from Xom's chessboard (15/15)


   Skills:
 + Level 14.4 Fighting
 + Level 5.0 Long Blades
 + Level 8.4 Armour
 + Level 12.0 Dodging
 - Level 1.5 Stealth
 - Level 4.0 Shields
 + Level 11.0 Spellcasting
 - Level 2.0 Evocations


You had 3 spell levels left.
You knew the following spells:

 Your Spells              Type           Power      Damage    Failure   Level
a - Magic Dart            Conj           100%       1d8       1%          1
b - Blink                 Tloc           N/A        N/A       1%          2
c - Iskenderun's Battles  Conj           44%        2d10      2%          5
d - Slow                  Hex            44%        N/A       1%          2
e - Conjure Flame         Conj/Fire      44%        6-21      1%          3
f - Mephitic Cloud        Conj/Pois/Air  44%        N/A       1%          3
g - Freeze                Ice            100%       1d11      1%          1
h - Poisonous Vapours     Pois/Air       88%        N/A       1%          2
i - Passwall              Tmut/Erth      36%        N/A       1%          2
j - Summon Ice Beast      Ice/Summ       44%        N/A       1%          4
k - Call Imp              Summ           44%        N/A       1%          2
l - Yara's Violent Unrav  Hex/Tmut       22%        3d10      2%          5

Your spell library contained the following spells:

 Spells                   Type           Power      Damage    Failure   Level


Dungeon Overview and Level Annotations

Branches:
Dungeon (12/15)            Temple (1/1) D:4            Lair (4/6) D:11
 Shoals (1/4) Lair:3       Spider (1/4) Lair:3          Orc (2/2) D:11
    Elf (1/3) Orc:2        Bailey (visited)

Altars:
Ashenzari
Cheibriados
Dithmenos
Elyvilon
Fedhas
Gozag
Hepliaklqana
Kikubaaqudgha
Makhleb
Nemelex Xobeh
Okawaru
Qazlal
Ru
Sif Muna
Trog
Uskayaw
Vehumet
Wu Jian
Xom
Yredelemnul
Zin
The Shining One

Shops:
D:7 ?[(=   Orc:2 (:(*(   Shoals:1 !

Annotations:
D:12 Kirke
Lair:3 exclusion: ice statue


Innate Abilities, Weirdness & Mutations

You are a filthy swine.
You move quickly.
You are flying.
Your equipment is almost entirely melded.
You are incapable of wielding weapons or throwing items.
You cannot cast spells.
You are immune to sickness and miasma.
You are immune to poison.
((Your flesh is very heat resistant. (rF++)))
((You are vulnerable to cold. (rC-)))
You float through the air rather than walking.
You learn spells naturally, not from books.
Your magical power is your life essence.
You have superior vitality. (+4 HP)
((You are partially covered in iridescent scales. (AC +2)))
You possess an exceptional clarity of mind.
((You are resistant to electric shocks. (rElec)))


Message History

Reactivating autopickup.
The manticore bites you! The manticore misses you. The manticore claws you.
Kirke hits you but does no damage. The manticore bites you!
You block the manticore's attack.
The manticore claws you but does no damage.
You slash Kirke!
Kirke is almost dead.
Kirke gestures at you while chanting. You resist with almost no effort.
The manticore misses you. The manticore barely misses you.
The manticore claws you but does no damage.
Kirke closely misses you. The manticore bites you! The manticore claws you.
The manticore barely misses you.
You closely miss Kirke.
Kirke is almost dead.
The hog seems less drained.
Kirke gestures wildly while chanting.
Kirke summons a manticore!
The manticore barely misses you. The manticore misses you.
The manticore barely misses you.
Kirke points at you and mumbles some strange words.
You turn into a filthy swine.
The +3 double sword of the Battered People {drain, rPois rC+ rN+ rCorr} melds into your body.
Your +0 cloak melds into your body.
Your +0 buckler melds into your body.
The +3 ring mail of Xafriuw {rC- Regen+ rCorr Str+3} melds into your body.
Your ring of protection from fire melds into your body.
Your ring of ice melds into your body.
The manticore bites you!!
* * * LOW HITPOINT WARNING * * *
The manticore completely misses you. The manticore barely misses you.
Kirke casts a spell at you. You resist with almost no effort.
The manticore barely misses you. The manticore completely misses you.
The manticore claws you!
* * * LOW HITPOINT WARNING * * *
Kirke gestures wildly while chanting.
Kirke flickers and vanishes!
Deactivating autopickup; reactivate with Ctrl-A.
The manticore flicks its tail.
The volley of spikes hits you!
The barbed spikes become lodged in your body.
You die...
Your body crumbles into a pile of gold.

...V###.#.......#####
#.......#.......#
#.#.#####.))....# #.#.
###.##### # #. #...# # # #.
#...# ####.# # .. #...# #...
##. #.# #####...####.# ..)
#.###..........h.#####.#####
#..............HH{hk.......
#.###............##hh$....#
#.# ###......###.##........#
########.......##..........##
......##.#.....#####......##
.####.##.#.....# #......#
.##[..)....)#..# ######.#
.##.#.##.......###### . ...


You could see 2 manticores, a lindwurm (summoned) and 3 hogs.

Vanquished Creatures
  Harold (Lair:2)
  4 hydras
  A merfolk avatar (Shoals:1)
  A centaur warrior (Orc:2)
  2 two-headed ogres
  4 sea snakes (Shoals:1)
  An obsidian statue (D:10)
  5 orc knights
  7 harpies (Shoals:1)
  3 deep elf pyromancers
  An orb spider (Lair:3)
  3 deep elf zephyrmancers (Elf:1)
  A cyclops (D:11)
  8 fauns (Shoals:1)
  An elephant (Lair:3)
  2 manticores (Shoals:1)
  A water nymph (Shoals:1)
  3 merfolk sirens
  6 cane toads
  2 black mambas
  A gargoyle (D:12)
  3 unseen horrors
  A rime drake (Lair:2)
  A freezing wraith (Lair:3)
  3 komodo dragons
  A queen bee (D:9)
  2 trolls
  A jumping spider (Spider:1)
  5 merfolk
  3 polar bears (Lair:3)
  8 blink frogs
  A snapping turtle (Shoals:1)
  6 slime creatures
  A shadow (D:9)
  Sigmund (D:4)
  2 vampires (D:12)
  A wraith (D:9)
  2 hogs (D:12)
  15 yaks
  3 wyverns
  5 basilisks
  2 steam dragons
  8 vampire mosquitoes
  5 water moccasins
  An acid dragon (D:10)
  32 orc warriors
  7 ice beasts
  A sky beast (D:8)
  3 ogres
  A black bear (D:6)
  16 centaurs
  6 wolves
  3 kobold brigands
  13 bullfrogs
  A gnoll sergeant (D:7)
  A wyvern zombie (D:4)
  A scorpion (D:5)
  30 killer bees
  A water moccasin skeleton (D:7)
  16 wights
  An electric eel (Lair:3)
  2 hounds
  4 jellies
  2 bullfrog zombies
  23 orc priests
  4 centaur zombies
  A gnoll shaman (D:9)
  A centaur skeleton (D:3)
  2 iguanas
  16 orc wizards
  A hound skeleton (D:4)
  A howler monkey zombie (D:9)
  8 gnolls
  8 adders
  3 shadow imps
  2 white imps (Lair:3)
  2 ufetubi (D:6)
  A worm (D:3)
  A dart slug (D:3)
  62 orcs
  7 endoplasms
  6 giant cockroaches
  11 goblins
  4 hobgoblins
  18 kobolds
  2 quokkas
  10 ball pythons
  2 bats
  4 frilled lizards
  9 rats
489 creatures vanquished.

Vanquished Creatures (collateral kills)
  A nameless horror (Bailey)
  5 orc warriors (Bailey)
  2 centaurs (D:8)
  A kobold brigand (D:7)
  A killer bee (D:9)
  An orc priest (D:7)
  A white imp (D:8)
  An orc (Bailey)
  A kobold (D:7)
14 creatures vanquished.

Vanquished Creatures (others)
  A dancing weapon (Elf:1)
  An orc priest (D:7)
  15 fungi
  37 plants
  4 tentacles (Shoals:1)
58 creatures vanquished.

Grand Total: 561 creatures vanquished

Notes
Turn   | Place    | Note
-------+----------+-------------------------------------------
     0 | D:1      | Descartes the Djinni Wanderer began the quest for the Orb.
     0 | D:1      | Reached XP level 1. HP: 17/17 MP: 0/0
   288 | D:1      | Reached XP level 2. HP: 18/22 MP: 0/0
   393 | D:1      | Found a faded altar of an unknown god.
   403 | D:1      | Reached skill level 1 in Dodging
   787 | D:1      | Reached XP level 3. HP: 26/28 MP: 0/0
   787 | D:1      | Learned a level 1 spell: Freeze
  1811 | D:3      | Reached skill level 2 in Fighting
  1811 | D:3      | Reached XP level 4. HP: 16/33 MP: 0/0
  2348 | D:3      | Reached XP level 5. HP: 23/39 MP: 0/0
  2348 | D:3      | Learned a level 2 spell: Poisonous Vapours
  2366 | D:3      | Gained mutation: You possess an exceptional clarity of
                  | mind. [potion of mutation]
  2366 | D:3      | Gained mutation: You are resistant to electric shocks.
                  | (rElec) [potion of mutation]
  2366 | D:3      | Gained mutation: You are partially covered in iridescent
                  | scales. (AC +2) [potion of mutation]
  3427 | D:4      | Reached skill level 3 in Fighting
  3599 | D:4      | Found a staircase to the Ecumenical Temple.
  3603 | D:4      | Reached XP level 6. HP: 45/46 MP: 0/0
  3607 | Temple   | Entered the Ecumenical Temple
  3612 | Temple   | Became a worshipper of Gozag Ym Sagoz the Greedy
  3952 | D:4      | Identified the +3 ring mail of Xafriuw {rC- Regen+ rCorr
                  | Str+3}
  3958 | D:4      | Identified the +4 ring mail of Dithmenos's Favour {Slay+3}
  4118 | D:4      | Noticed an ogre
  4195 | D:4      | Noticed an ogre
  4222 | D:3      | Killed an ogre
  4223 | D:3      | Reached skill level 5 in Spellcasting
  4415 | D:3      | Reached XP level 7. HP: 51/51 MP: 0/0
  4415 | D:3      | Learned a level 2 spell: Passwall
  4516 | D:4      | Reached skill level 4 in Fighting
  4561 | D:4      | Noticed Sigmund
  4717 | D:4      | Killed Sigmund
  4768 | D:4      | Reached skill level 5 in Dodging
  4768 | D:4      | Reached XP level 8. HP: 57/58 MP: 0/0
  4914 | D:5      | Entered Level 5 of the Dungeon
  5063 | D:5      | You are sucked into a shaft and drop 2 floors!
  5079 | D:7      | Found Fadda's Antique Weapon Shop.
  5201 | D:7      | Found Roecsol's Magic Scroll Shoppe.
  5267 | D:7      | Reached skill level 5 in Fighting
  5297 | D:7      | Found a shadowy altar of Dithmenos.
  6106 | D:5      | Reached skill level 6 in Fighting
  6106 | D:5      | Reached XP level 9. HP: 66/66 MP: 0/0
  6106 | D:5      | Learned a level 4 spell: Summon Ice Beast
  6478 | D:6      | Reached skill level 1 in Armour
  7018 | D:7      | Found Xaimn's Jewellery Shoppe.
  7064 | D:7      | Found Pazukar's Antique Armour Boutique.
  7280 | D:7      | Reached skill level 7 in Fighting
  7594 | D:8      | Found a flagged portal.
  7605 | D:8      | Reached XP level 10. HP: 66/75 MP: 0/0
  7635 | Bailey   | Entered a bailey
  7635 | Bailey   | Noticed an orc knight
  7785 | Bailey   | HP: 2/75 [orc warrior (6)]
  7973 | Bailey   | Killed an orc knight
  7974 | Bailey   | Reached skill level 8 in Fighting
  8145 | D:7      | Bought a glimmering ring mail for 198 gold pieces
  8145 | D:7      | Identified the +1 ring mail of Uthreinui {Str+2} (You
                  | bought it in a shop on level 7 of the Dungeon)
  8175 | D:7      | Bought a transparent double sword for 460 gold pieces
  8175 | D:7      | Identified the +3 double sword of the Battered People
                  | {drain, rPois rC+ rN+ rCorr} (You bought it in a shop on
                  | level 7 of the Dungeon)
  8198 | D:7      | Bought a scroll of magic mapping for 49 gold pieces
  8198 | D:7      | Bought a scroll of teleportation for 42 gold pieces
  8198 | D:7      | Bought a scroll of identify for 28 gold pieces
  8198 | D:7      | Bought a scroll of immolation for 49 gold pieces
  8198 | D:7      | Bought a scroll of holy word for 105 gold pieces
  8258 | D:8      | Identified the +4 falchion of Jicao {venom, Will+}
  9153 | D:9      | Reached skill level 1 in Shields
  9199 | D:9      | Reached skill level 1 in Long Blades
  9199 | D:9      | Reached skill level 5 in Armour
  9514 | D:9      | Reached XP level 11. HP: 67/82 MP: 0/0
  9514 | D:9      | Learned a level 5 spell: Iskenderun's Battlesphere
  9768 | D:9      | Noticed a +0 dagger
  9768 | D:9      | Noticed a +0 spear
  9768 | D:9      | Noticed a +0 short sword
  9768 | D:9      | Noticed a +0 short sword
  9768 | D:9      | Noticed a +0 falchion
  9768 | D:9      | Noticed a +0 falchion
  9769 | D:9      | Noticed a +0 spear
  9770 | D:9      | Found a hide-covered altar of Uskayaw.
  9770 | D:9      | Noticed a +0 dagger
 10286 | D:10     | Entered Level 10 of the Dungeon
 10302 | D:10     | Noticed an obsidian statue
 10455 | D:10     | Reached skill level 9 in Fighting
 11273 | D:9      | Reached skill level 10 in Dodging
 11354 | D:11     | Found a staircase to the Orcish Mines.
 11602 | D:10     | Identified the +0 leather armour of Past Mistakes {Dex+6}
 11987 | D:11     | Noticed a cyclops
 12268 | D:11     | Killed a cyclops
 12269 | D:11     | Reached XP level 12. HP: 81/90 MP: 0/0
 12336 | D:11     | Found a staircase to the Lair.
 12482 | D:11     | Reached skill level 5 in Long Blades
 12923 | D:12     | Noticed a six-headed hydra
 12942 | D:12     | Killed a six-headed hydra
 12943 | D:12     | Reached skill level 10 in Fighting
 13062 | D:12     | Noticed a four-headed hydra
 13203 | Lair:1   | Entered Level 1 of the Lair of Beasts
 13250 | Lair:1   | Identified the +6 hand axe of Xoxeri {freeze, Int+4}
 13703 | Lair:1   | Reached skill level 11 in Fighting
 14119 | Lair:2   | Noticed Harold
 14451 | Lair:1   | Reached XP level 13. HP: 60/99 MP: 0/0
 14451 | Lair:1   | Learned a level 5 spell: Yara's Violent Unravelling
 14529 | Lair:2   | Reached skill level 10 in Spellcasting
 14629 | Lair:2   | Killed Harold
 14708 | Lair:2   | Reached skill level 12 in Fighting
 15263 | Lair:3   | Found a hole to the Spider Nest.
 15367 | Orc:1    | Entered Level 1 of the Orcish Mines
 16032 | Orc:2    | Entered Level 2 of the Orcish Mines
 16041 | Orc:2    | Noticed a centaur warrior
 16484 | Orc:2    | Reached skill level 13 in Fighting
 17126 | Orc:2    | Killed a centaur warrior
 17633 | Orc:2    | Found a staircase to the Elven Halls.
 17741 | Orc:2    | Found Dorchi Sed's Antique Weapon Emporium.
 17741 | Orc:2    | Found Gubao's General Store.
 17741 | Orc:2    | Found Baywk's Antique Weapon Boutique.
 17745 | Orc:2    | Found Cick's Book Shoppe.
 17925 | Elf:1    | Entered Level 1 of the Elven Halls
 18103 | D:12     | Noticed an eight-headed hydra
 18232 | Lair:3   | Found the +5 sword of Power {vorpal}
 18461 | Lair:3   | Found a staircase to the Shoals.
 18850 | Lair:3   | Reached XP level 14. HP: 107/110 MP: 0/0
 19986 | Elf:1    | HP: 3/111 [+2 dire flail of protection (7)]
 20235 | Spider:1 | Entered Level 1 of the Spider Nest
 20308 | Shoals:1 | Entered Level 1 of the Shoals
 20546 | Shoals:1 | Reached skill level 14 in Fighting
 20657 | Shoals:1 | Bought a potion of attraction for 36 gold pieces
 20657 | Shoals:1 | Bought a potion of curing for 36 gold pieces
 20657 | Shoals:1 | Bought a potion of mutation for 96 gold pieces
 20657 | Shoals:1 | Bought a potion of curing for 36 gold pieces
 21115 | Shoals:1 | Noticed a kraken
 21684 | D:7      | Bought the amulet "Citz" {Spirit Will+} for 553 gold pieces
 22189 | D:12     | Noticed Kirke
 22220 | D:12     | Killed from afar by a manticore

Illustrated notes

Levels and vault maps discovered:
D:1:      dpeg_arrival_refuge, layout_loops_ring,
          shapermc_ecumenical_altar_venn, patterned_corridor
D:2:      layout_basic
D:3:      layout_basic
D:4:      layout_loops_ring, minmay_temple_entry_proselytizer, uniq_sigmund
D:5:      layout_basic
D:6:      layout_cave_pools, minmay_strange_pillars
D:7:      layout_loops_ring, lemuel_tele_altar, serial_shops,
          nicolae_shop_stone, nicolae_square_shop, shop,
          nicolae_shop_temple_entry_statues_fountains
D:8:      layout_loops_corners, enter_bailey_2
D:9:      layout_gridville, nicolae_uskayaw_en_pointe, special_room
          [special_room_bee]
D:10:     layout_loops_cross, minivault_16, grunt_ministairs_7
D:11:     layout_loops_cross, david_lair_shrubbed, david_orc_3,
          gauntlet_entry_generic
D:12:     layout_loops_cross, guppyfry_shop_earth, uniq_kirke
Temple:   regret_index_temple_chain_breaker
Lair:1:   layout_long_grid, beast_lair_carwin_1, grunt_megastairs_4,
          infiniplex_staircase_pool_2
Lair:2:   layout_roguey, amcnicky_mini_pool_medium, uniq_harold
Lair:3:   layout_regular_city, elwin_shoals_entry_rooms,
          nicolae_spider_entry_orb_guardian, serial_rivers,
          chequers_serial_rivers_large_b, chequers_serial_rivers_room_b,
          chequers_serial_rivers_micro_e, chequers_serial_rivers_room_b,
          chequers_serial_rivers_room_a, chequers_serial_rivers_small_3,
          ice2_lemuel
Lair:4:   layout_regular_city
Shoals:1: layout_shoals, nzn_prometheus_bound
Spider:1: spiders_nest_scorpion_pit, nicolae_spider_paper_wasps
Orc:1:    layout_diamond_mine
Orc:2:    st_orc_rangers, layout_caves, nicolae_orc_stony_grotto
Elf:1:    minmay_elf_arrival_summoners, layout_loops_corners, serial_shops,
          shop_fountains, minmay_elf_annihilation, uniq_jorgrun

Skill      XL: |  1  2  3  4  5  6  7  8  9 10 11 12 13 14 |
---------------+-------------------------------------------+-----
Dodging        | 1 2 3 5 6 7 9 10 12 | 12.0
Fighting       | 2 3 4 6 7 8 9 11 13 14 | 14.4
Spellcasting   | 5 6 7 8 9 10 11 | 11.0
Armour         | 3 5 6 8 |  8.4
Shields        | 2 4 |  4.0
Long Blades    | 1 4 5 |  5.0
Stealth        | |  1.5
Evocations     | |  2.0

Action                   |  1- 3 |  4- 6 |  7- 9 | 10-12 | 13-15 || total
-------------------------+-------+-------+-------+-------+-------++-------
Melee: Short sword       |       |    11 |    56 |     5 |       ||    72
       Double sword      |       |       |       |   152 |    70 ||   222
 Cast: Magic Dart        |    55 |   144 |   251 |   377 |   693 ||  1520
       Freeze            |       |     3 |     6 |     1 |       ||    10
       Mephitic Cloud    |       |     2 |     3 |    42 |    18 ||    65
       Blink             |       |    12 |    50 |    63 |    46 ||   171
       Poisonous Vapours |       |       |    49 |    63 |       ||   112
       Conjure Flame     |       |       |     3 |     3 |       ||     6
       Call Imp          |       |       |    19 |    15 |       ||    34
       Summon Ice Beast  |       |       |     3 |     2 |       ||     5
       Iskenderun's Batt |       |       |       |    65 |   151 ||   216
       Yara's Violent Un |       |       |       |       |     5 ||     5
Invok: Potion Petition   |       |       |       |     2 |     2 ||     4
       Call Merchant     |       |       |       |       |     2 ||     2
Evoke: Wand              |       |       |     1 |     4 |     4 ||     9
       Piece from Xom's  |       |       |     1 |       |       ||     1
  Use: Potion            |       |     5 |       |     4 |     4 ||    13
       Scroll            |       |       |     9 |    11 |     5 ||    25
 Stab: Confused          |       |       |       |     4 |       ||     4
       Distracted        |       |       |       |       |     1 ||     1
Armor: Robe              |     4 |       |       |       |       ||     4
       Ring mail         |       |    28 |    64 |   235 |   174 ||   501
Dodge: Dodged            |     7 |    49 |   105 |   269 |   387 ||   817
Block: Buckler           |       |       |       |    41 |   125 ||   166
       Rpst.: Double sword |       |       |       |    50 |    45 ||    95
